 Dungeon Crawl Stone Soup version 0.29-a0-1023-g6ae1a4a2c7 (webtiles) character file.

Game seed: 17213970574924734724

44 Snarg the Conjurer (level 3, -4/15 (16) HPs)
             Began as a Spriggan Conjurer on Aug 12, 2022.
             Slain by Terence
             ... wielding a +5 flail of draining
              (13 damage)
             ... on level 2 of the Dungeon.
             The game lasted 00:04:39 (2265 turns).

Snarg the Conjurer (Spriggan Conjurer)              Turns: 2265, Time: 00:04:40

HP:   -4/15 (16)    AC:  2    Str:  3    XL:     3   Next: 39%
MP:   0/8           EV: 17    Int: 19    God:
Gold: 55            SH:  5    Dex: 15    Spells: 6/7 levels left

rFire   . . .      SeeInvis +   b - +1 short sword (elec)
rCold   . . .      Faith    .   (no shield)
rNeg    . . .      Spirit   .   g - +0 robe
rPois   .          Reflect  +   (helmet restricted)
rElec   .          Harm     .   (no cloak)
rCorr   .          Rampage  .   (gloves unavailable)
Will    .....                   (boots unavailable)
Stlth   ++........              h - amulet of reflection
HPRegen 0.05/turn               (no ring)
MPRegen 0.11/turn               (no ring)

@: drained, very quick
A: very small, no large weapons, unfitting armour, see invisible, speed 3
a: no special abilities


You were on level 2 of the Dungeon.
You visited 1 branch of the dungeon, and saw 2 of its levels.

You collected 55 gold pieces.

Inventory:

Hand Weapons
 a - a +0 dagger
 b - a +1 short sword of electrocution (weapon)
 d - a +0 sling
Missiles
 n - 5 stones
Armour
 g - a +0 robe (worn)
Jewellery
 h - an amulet of reflection (around neck)
Scrolls
 e - 3 scrolls of teleportation {unknown}
 j - a scroll of silence {unknown}
Potions
 c - a potion of attraction {unknown}
 f - a potion of degeneration {unknown}
 i - a potion of curing {unknown}
 k - a potion of heal wounds {unknown}
 l - 2 potions of magic
 m - a potion of brilliance {unknown}
 o - 2 potions of lignification {unknown}


   Skills:
 * Level 0.9 Short Blades
 + Level 2.8 Dodging
 + Level 3.2 Stealth
 + Level 0.3 Shields
 - Level 2.7 Spellcasting
 + Level 3.6 Conjurations


You had 6 spell levels left.
You knew the following spells:

 Your Spells              Type           Power      Damage    Failure   Level
a - Magic Dart            Conj           64%        1d6       3%          1

Your spell library contained the following spells:

 Spells                   Type           Power      Damage    Failure   Level
 Searing Ray              Conj           32%        2d5       5%          2
 Static Discharge         Conj/Air       9%         3-5/arc   11%         2
 Sandblast                Erth           4%         2d4       16%         1
 Dazzling Flash           Conj/Hex       18%        N/A       22%         3
 Stone Arrow              Conj/Erth      18%        3d8       22%         3
 Passwall                 Tmut/Erth      1%         N/A       24%         2
 Fulminant Prism          Conj/Hex       4%         3d6       58%         4
 Iskenderun's Mystic Bla  Conj/Tloc      9%         2d4       58%         4
 Lightning Bolt           Conj/Air       4%         1d16      90%         5
 Maxwell's Capacitive Co  Air            1%         ∞         100%        8


Dungeon Overview and Level Annotations

Branches:
Dungeon (2/15)

Altars:

Annotations:
D:1 clr
D:2 Terence


Innate Abilities, Weirdness & Mutations

You are very small and have problems with some larger weapons.
You are too small for most types of armour.
You have supernaturally acute eyesight. (SInv)
You cover ground extremely quickly. (Speed+++)


Message History

The magic dart hits Terence but does no damage.
Terence is severely wounded.
The magic dart hits Terence but does no damage.
Terence is heavily wounded.
The magic dart hits Terence but does no damage.
Terence is heavily wounded.
The magic dart hits Terence but does no damage.
Terence is heavily wounded.
The magic dart hits Terence but does no damage.
Terence is heavily wounded.
The magic dart hits Terence.
Terence is severely wounded.
The magic dart hits Terence.
Terence is almost dead.
Terence screams, "I want your blood!"
The magic dart hits Terence.
Terence is almost dead.
The magic dart hits Terence but does no damage.
Terence is almost dead.
You are out of magic!
Throw: 6 stones
Press: ? - help, Shift-Dir - straight line, f/p - Terence
Aim: Terence, wielding a +5 flail of draining and wearing a +4 scale mail of willpower (almost dead, 61% to hit)
You throw a stone. The stone barely misses Terence.
The magic dart hits Terence but does no damage.
Terence is almost dead.
You hear the crackle of electricity.
b - a +1 short sword of electrocution (weapon)
You closely miss Terence.
Terence is almost dead.
You block Terence's attack.
You hit Terence but do no damage.
Terence is almost dead.
Terence hits you with a +5 flail of draining!
You feel drained.
You hit Terence but do no damage.
Terence is almost dead.
Terence hits you with a +5 flail of draining!
Ouch! That really hurt!
You die...

#.# #..# #.# ..# #.# ...
##.# #.#### ##..# #.##.##
####...#########.#...####
+...†...................+
####...######.##.#...####
#........# #@##.##..#
#..##.#..# #@##..##.#
#..##.#..# #.###.##.#
#..##.# .# #.# #.##.# #+
#..##.. .# #.###.##.# #.
#..###...#
#...@....########.
#........#
#####.##.......##.
#.####..## #.##.#####.#..
#.......# #.##.### #....


You could see Terence.

Vanquished Creatures
  2 adders (D:2)
  A dart slug (D:2)
  2 endoplasms (D:2)
  2 giant cockroaches
  A hobgoblin (D:2)
  3 kobolds (D:1)
  A quokka (D:1)
  6 ball pythons
  2 bats (D:1)
  3 frilled lizards
  A rat (D:1)
24 creatures vanquished.

Notes
Turn   | Place    | Note
-------+----------+-------------------------------------------
     0 | D:1      | Snarg the Spriggan Conjurer began the quest for the Orb.
     0 | D:1      | Reached XP level 1. HP: 9/9 MP: 5/5
   611 | D:1      | Found a faded altar of an unknown god.
   782 | D:1      | Reached XP level 2. HP: 8/13 MP: 6/6
  1930 | D:2      | Reached XP level 3. HP: 16/16 MP: 8/8
  2205 | D:2      | Noticed Terence
  2265 | D:2      | Slain by Terence

Illustrated notes

Levels and vault maps discovered:
D:1:      minmay_arrival_loop, layout_basic, chequers_ecumenical_altar_island,
          minmay_box_of_dots
D:2:      minmay_chambers_of_ones, layout_loops_corners, uniq_terence

Skill      XL: |  1 |
---------------+----+-----
Conjurations   | 3 |  3.6
Short Blades   | |  0.9
Dodging        | |  2.8
Stealth        | |  3.2
Shields        | |  0.3
Spellcasting   | |  2.7

Action                   || total
-------------------------++-------
Melee: Dagger            ||    24
       Short sword       ||    27
       Punch             ||     1
Throw: Stone             ||     1
 Cast: Magic Dart        ||    52
 Stab: Sleeping          ||     4
Armor: Robe              ||     4
Dodge: Dodged            ||    42
Block: Other             ||    11

Table legend: (Time is in decaauts)
 A = Elapsed time spent in this place.
 B = Non-inter-level travel time spent in this place.
 C = Inter-level travel time spent in this place.
 D = Time resting spent in this place.
 E = Time spent auto-exploring this place.
 F = Levels seen in this place.
 G = Mean time per level.
                   A        B        C        D        E       F      G
               +--------+--------+--------+--------+--------+-----+--------+
         Total |   1739 |   1677 |     62 |    266 |   1146 |   2 |  869.5 |
       Dungeon |   1739 |   1677 |     62 |    266 |   1146 |   2 |  869.5 |
               +--------+--------+--------+--------+--------+-----+--------+

Top non-repeatable levels by time:
     D:1: 1199 daAuts
     D:2: 539 daAuts
